 Dungeon Crawl Stone Soup version 0.31-a0-155-gb63f529262 (webtiles) character file.

Game seed: 6009972308379129999

473 poplop the Chopper (level 7, 0/60 HPs)
             Began as a Hill Orc Fighter on June 12, 2023.
             Slain by Grinder (5 damage)
             ... on level 4 of the Dungeon.
             The game lasted 00:08:17 (3112 turns).

poplop the Chopper (Hill Orc Fighter)               Turns: 3112, Time: 00:08:18

Health: 0/60       AC:  8    Str: 21    XL:     7   Next: 10%
Magic:  7/7        EV:  9    Int:  8    God:
Gold:   160        SH:  4    Dex: 10    Spells: 6/6 levels left

rFire   . . .        a - +0 war axe
rCold   . . .        c - +0 buckler
rNeg    . . .        b - +0 scale mail
rPois   .            (no helmet)
rElec   .            (no cloak)
rCorr   .            h - +0 pair of gloves
SInv    .            (no boots)
Will    .....        (no amulet) Stlth
                     (no ring)
HPRegen 0.30/turn    (no ring)
MPRegen 0.10/turn

%: no passive effects
@: no status effects
A: no striking features
a: no special abilities


You were on level 4 of the Dungeon.
You visited 1 branch of the dungeon, and saw 4 of its levels.

You collected 160 gold pieces.

Inventory:

Hand Weapons
 a - a +0 war axe (weapon)
Missiles
 e - a throwing net
Armour
 b - a +0 scale mail (worn)
 c - a +0 buckler (worn)
 h - a +0 pair of gloves (worn)
Jewellery
 g - a ring of wizardry
 k - an amulet of magic regeneration
Scrolls
 l - 2 scrolls of fear
 n - a scroll of vulnerability {unknown}
Potions
 d - a potion of might
 f - a potion of enlightenment {unknown}
 i - a potion of brilliance {unknown}
 j - a potion of curing {unknown}
 m - a potion of mutation {unknown}


   Skills:
 * Level 4.7 Fighting
 * Level 6.1 Axes
 * Level 4.8 Armour
 * Level 1.4 Dodging
 * Level 1.8 Stealth
 * Level 4.2 Shields


You had 6 spell levels left.
You didn't know any spells.
Your spell library contained the following spells:

 Spells                   Type           Power      Damage    Failure   Level
 Blink                    Tloc           0%         N/A       91%         2
 Lesser Beckoning         Tloc           0%         N/A       91%         2
 Momentum Strike          Conj/Tloc      0%         3d8       91%         2


Dungeon Overview and Level Annotations

Branches:
Dungeon (4/15)
 Temple: D:4-7

Altars:

Annotations:
D:4 Grinder


Message History

Grinder blinks!
Grinder no longer looks unusually strong.
Grinder gestures at you. Pain shoots through your body!
Grinder gestures at you.
You suddenly lose the ability to move!
Grinder hits you but does no damage. Grinder hits you!
You writhe in agony.
* * * LOW HITPOINT WARNING * * *
Grinder hits you.
* * * LOW HITPOINT WARNING * * *
You writhe in agony.
* * * LOW HITPOINT WARNING * * *
Grinder hits you but does no damage.
You can move again.
You barely miss Grinder.
Grinder is severely wounded.
Grinder gestures at you. Pain shoots through your body!
* * * LOW HITPOINT WARNING * * *
You closely miss Grinder.
Grinder is heavily wounded.
Grinder hits you but does no damage.
You slash Grinder!
Grinder is almost dead.
You block Grinder's attack. Grinder gestures at you.
You suddenly lose the ability to move!
Grinder gestures at you.
You struggle to resist.
You can move again.
You closely miss Grinder.
Grinder is almost dead.
Grinder hits you but does no damage.
You barely miss Grinder.
Grinder is almost dead.
Grinder hits you.
* * * LOW HITPOINT WARNING * * *
You writhe in agony.
You die...

#...# #..... ...#
#..... #..# ##.....
#..#### #......
###..#..## #......
#........## #......
##.........## #.....
##...........# #.....
#....5@......## #.....
#.............####.....
#..............##.....#
#..............##..####
#...............#..#
#...............#.##
#...............).#
##...............##
...........##


You could see Grinder.

Vanquished Creatures
  A phantom (D:4)
  A bullfrog (D:4)
  A howler monkey (D:4)
  A hound (D:4)
  An iguana (D:3)
  Natasha (D:3)
  8 gnolls
  4 adders
  6 dart slugs
  3 orcs
  4 ball pythons
  9 endoplasms
  A giant cockroach (D:2)
  9 goblins
  5 hobgoblins
  11 jackals
  8 kobolds
  2 quokkas (D:2)
  8 bats
  5 frilled lizards
  6 rats
95 creatures vanquished.

Notes
Turn   | Place    | Note
-------+----------+-------------------------------------------
     0 | D:1      | poplop the Hill Orc Fighter began the quest for the Orb.
     0 | D:1      | Reached XP level 1. HP: 19/19 MP: 1/1
    63 | D:1      | Reached XP level 2. HP: 23/23 MP: 2/2
   291 | D:1      | Reached XP level 3. HP: 30/33 MP: 3/3
   326 | D:1      | Reached skill level 3 in Axes
   977 | D:2      | Reached XP level 4. HP: 37/40 MP: 4/4
  1180 | D:2      | Reached skill level 4 in Axes
  1325 | D:2      | Reached XP level 5. HP: 44/46 MP: 5/5
  1330 | D:2      | Found a faded altar of an unknown god.
  1544 | D:3      | Reached skill level 1 in Stealth
  1894 | D:3      | Reached skill level 1 in Dodging
  2048 | D:3      | Reached skill level 5 in Axes
  2342 | D:3      | Reached XP level 6. HP: 52/53 MP: 6/6
  2359 | D:3      | Noticed Natasha
  2363 | D:3      | Killed Natasha
  2981 | D:4      | Identified the +10 sling of Gozag's Whim {antimagic, rElec}
  3016 | D:4      | Reached XP level 7. HP: 46/60 MP: 7/7
  3017 | D:4      | Reached skill level 6 in Axes
  3055 | D:4      | Noticed Grinder
  3069 | D:4      | Paralysed by Grinder for 5 turns
  3075 | D:4      | Paralysed by Grinder for 5 turns
  3088 | D:4      | Paralysed by Grinder for 4 turns
  3102 | D:4      | Paralysed by Grinder for 5 turns
  3109 | D:4      | Paralysed by Grinder for 2 turns
  3112 | D:4      | Slain by Grinder

Illustrated notes

Levels and vault maps discovered:
D:1:      eino_arrival_druids_welcome, layout_loops_ring
D:2:      layout_rooms, shapermc_ecumenical_altar_gd
D:3:      minmay_diamond_boxcup, layout_loops_ring, uniq_natasha
D:4:      layout_cave_pods, uniq_menkaure, uniq_grinder

Skill      XL: |  1  2  3  4  5  6  7 |
---------------+----------------------+-----
Fighting       | 4 |  4.7
Axes           | 3 4 5 6 |  6.1
Armour         | 4 |  4.8
Stealth        | 1 |  1.8
Dodging        | 1 |  1.4
Shields        | 4 |  4.2

Action                     |  1- 3 |  4- 6 |  7- 9 || total
---------------------------+-------+-------+-------++-------
  Melee: War axe           |   125 |   171 |    26 ||   322
    Use: Scroll            |     1 |     4 |       ||     5
 Armour: Scale mail        |    82 |    80 |     8 ||   170
  Dodge: Dodged            |    75 |    91 |     8 ||   174
  Block: Buckler           |    29 |    36 |     4 ||    69

Table legend: (Time is in decaauts)
 A = Elapsed time spent in this place.
 B = Non-inter-level travel time spent in this place.
 C = Inter-level travel time spent in this place.
 D = Time resting spent in this place.
 E = Time spent auto-exploring this place.
 F = Levels seen in this place.
 G = Mean time per level.
                   A        B        C        D        E       F      G
               +--------+--------+--------+--------+--------+-----+--------+
         Total |   3215 |   3097 |    118 |    215 |   2003 |   4 |  803.8 |
       Dungeon |   3215 |   3097 |    118 |    215 |   2003 |   4 |  803.8 |
               +--------+--------+--------+--------+--------+-----+--------+

Top non-repeatable levels by time:
     D:3: 1205 daAuts
     D:1: 788 daAuts
     D:2: 776 daAuts
     D:4: 445 daAuts
